 Dungeon Crawl Stone Soup version 0.19.1-1-g22dce08 (webtiles) character file.

446 Inchmeat the Grave Robber (level 6, -1/43 HPs)
             Began as a Demonspawn Necromancer on Jan 14, 2017.
             Was an Initiate of Nemelex Xobeh.
             Slain by a sky beast (2 damage)
             ... on level 5 of the Dungeon.
             The game lasted 00:15:48 (6457 turns).

Inchmeat the Grave Robber (Demonspawn Necromancer)  Turns: 6457, Time: 00:15:48

Health: -1/43      AC:  4    Str: 10      XL:     6   Next: 73%
Magic:  0/10       EV: 17    Int: 17      God:    Nemelex Xobeh [......]
Gold:   137        SH:  0    Dex: 11 (13) Spells: 4 memorised, 0 levels left

rFire  . . .     SeeInvis .     l - +0 dagger (protect)
rCold  . . .     Gourm    +     a - +0 robe
rNeg   . . .     Faith    .     (no shield)
rPois  .         Spirit   +     (no helmet)
rElec  .         Reflect  .     (no cloak)
rCorr  .         Harm     .     (no gloves)
MR     .....     Clarity  +     (no boots)
Stlth  ++........               f - amulet of the gourmand
                                (no ring)
                                e - +5 ring of evasion

@: very slightly contaminated
A: iridescent scales 1, clarity, clumsy 1, deterioration 1, low mp 1, strong 1,
evolution 1, magic shield, magic regeneration, magic link
a: Renounce Religion


You were on level 5 of the Dungeon.
You worshipped Nemelex Xobeh.
Nemelex Xobeh was noncommittal.
You were very full.

You visited 2 branches of the dungeon, and saw 6 of its levels.

You collected 137 gold pieces.

Inventory:

Hand Weapons
 d - a +0 spear
 l - a +0 dagger of protection (weapon)
 r - a +3 falchion of slicing
Armour
 a - a +0 robe (worn)
Jewellery
 e - a +5 ring of evasion (left hand)
 f - an amulet of the gourmand (around neck)
Wands
 q - a wand of flame (38/48)
Scrolls
 g - 4 scrolls of teleportation
 i - 3 scrolls of identify
 k - 4 scrolls of fog
 n - a scroll of enchant weapon
 s - a scroll of noise {unknown}
 t - a scroll of blinking
Potions
 h - a potion of invisibility
 j - a potion of agility
 m - 2 potions of flight
 p - a potion of cancellation
Books
 b - a book of Necromancy

   Spells                             Type                      Level
   a - Pain                           Necromancy                   1
   b - Animate Skeleton               Necromancy                   1
   c - Vampiric Draining              Necromancy                   3
   d - Regeneration                   Charms/Necromancy            3
   e - Animate Dead                   Necromancy                   4
   f - Control Undead                 Necromancy                   4
Comestibles
 c - 5 bread rations
 o - 5 fruits


   Skills:
 - Level 1.1 Fighting
 - Level 2.0 Dodging
 - Level 1.8 Stealth
 - Level 3.4 Spellcasting
 * Level 7.9 Necromancy


You couldn't memorise any spells.
You knew the following spells:

 Your Spells              Type           Power        Failure   Level  Hunger
a - Pain                  Necr           ####         1%          1    None
b - Vampiric Draining     Necr           ####......   1%          3    ###....
c - Regeneration          Chrm/Necr      ###.......   12%         3    ###....
d - Animate Dead          Necr           N/A          10%         4    ####...


Dungeon Overview and Level Annotations

Branches:
Dungeon (5/15)             Temple (1/1) D:5

Altars:
Cheibriados
Fedhas
Hepliaklqana
Kikubaaqudgha
Makhleb
Nemelex Xobeh
Okawaru
Qazlal
Ru
Sif Muna
Uskayaw
Xom
Yredelemnul
Zin


Innate Abilities, Weirdness & Mutations

You are partially covered in iridescent scales. (AC +2)
When hurt, damage is shared between your health and your magic reserves.
You regenerate magic rapidly.
When low on magic, you restore magic in place of health.
You possess an exceptional clarity of mind.
You are clumsy. (Dex -2)
Your body sometimes deteriorates upon taking damage.
Your magical capacity is low. (-10% MP)
Your muscles are strong. (Str +2)
You evolve.


Message History

Aiming: Pain
Press: ? - help, Shift-Dir - straight line, f/p - sky beast
Aim: a sky beast (severely wounded, chance to defeat MR: 84%)
You miscast Pain.
You are very lightly contaminated with residual magic.
Nothing appears to happen.
The sky beast hits you. The sky beast shocks you.
* * * LOW HITPOINT WARNING * * *
Your body deteriorates!
You feel clumsy.
The sky beast flickers out of sight!
Deactivating autopickup; reactivate with Ctrl-A.
Casting: Pain
Confirm with . or Enter, or press ? or * to list all spells.
You can't see any susceptible monsters within range! (Use Z to cast anyway.) Unknown command.
Okay, then.
Something hits you.
* * * LOW HITPOINT WARNING * * *
Something shocks you.
You die...
Your body disappears without a glow.

......................#
......................#
......................#
.....................#
#.................##
#(...######'##......
#.>..#..#....#......
#....'..#....#......
#..@.#..#....#......
#....#####...#......
#........#...'......
#........###+#......
#...................
#...................
#...................
#..)................
#...................


There were no monsters in sight!

Vanquished Creatures
  A scorpion (D:4)
  A howler monkey (D:4)
  A hound (D:3)
  An orc wizard (D:4)
  2 iguanas
  4 worker ants
  5 adders
  An ooze (D:1)
  An adder skeleton (D:5)
  3 worms
  3 dart slugs
  2 leopard geckos
  3 orcs (D:4)
  5 giant cockroaches
  8 goblins
  6 hobgoblins
  15 jackals
  10 kobolds
  2 quokkas (D:4)
  A ball python (D:1)
  6 bats
  4 frilled lizards
  8 rats
93 creatures vanquished.

Notes
Turn   | Place    | Note
-------+----------+-------------------------------------------
     0 | D:1      | Inchmeat the Demonspawn Necromancer began the quest for the Orb.
     0 | D:1      | Reached XP level 1. HP: 13/13 MP: 3/3
   303 | D:1      | Gained mutation: When hurt, damage is shared between your health and your magic reserves. [demonic ancestry]
   303 | D:1      | Reached XP level 2. HP: 14/19 MP: 0/5
   310 | D:1      | Reached skill level 5 in Necromancy
  1013 | D:1      | Gained mutation: You regenerate magic rapidly. [demonic ancestry]
  1013 | D:1      | Reached XP level 3. HP: 22/24 MP: 2/6
  1611 | D:2      | You fall through a shaft for 2 floors!
  1677 | D:3      | Learned a level 3 spell: Vampiric Draining
  2158 | D:3      | Reached XP level 4. HP: 5/30 MP: 0/7
  2849 | D:3      | Learned a level 3 spell: Regeneration
  2965 | D:3      | Reached skill level 6 in Necromancy
  3341 | D:4      | Noticed an ogre
  3354 | D:4      | HP: 1/31 [ogre/giant club (17)]
  3367 | D:3      | HP: 1/31 [hound (2)]
  3382 | D:3      | Gained mutation: When low on magic, you restore magic in place of health. [demonic ancestry]
  3382 | D:3      | Reached XP level 5. HP: 33/36 MP: 6/9
  3842 | D:4      | Reached skill level 1 in Fighting
  4062 | D:4      | Gained mutation: Your body sometimes deteriorates upon taking damage. [potion of mutation]
  4062 | D:4      | Gained mutation: You evolve. [potion of mutation]
  4062 | D:4      | Gained mutation: You are clumsy. (Dex -2) [potion of mutation]
  4318 | D:4      | Reached skill level 7 in Necromancy
  4318 | D:4      | Gained mutation: You are partially covered in iridescent scales. (AC +2) [demonic ancestry]
  4318 | D:4      | Reached XP level 6. HP: 10/43 MP: 5/11
  4745 | D:4      | Gained mutation: Your muscles are strong. (Str +2) [evolution]
  4849 | D:4      | Learned a level 4 spell: Animate Dead
  5152 | D:5      | Entered Level 5 of the Dungeon
  5372 | D:2      | Gained mutation: You possess an exceptional clarity of mind. [potion of mutation]
  5372 | D:2      | Gained mutation: Your magical capacity is low. (-10% MP) [potion of mutation]
  6300 | D:5      | Found a staircase to the Ecumenical Temple.
  6307 | Temple   | Entered the Ecumenical Temple
  6367 | Temple   | Became a worshipper of Nemelex Xobeh the Trickster
  6436 | D:5      | Noticed a sky beast
  6452 | D:5      | HP: 2/43 [sky beast (6)]
  6457 | D:5      | HP: 1/43 [something (1)]
  6457 | D:5      | Slain by a sky beast

Skill      XL: |  1  2  3  4  5 |
---------------+----------------+-----
Necromancy     | 5 6 7 |  7.9
Spellcasting   | 3 |  3.4
Dodging        | 2 |  2.0
Fighting       | 1 |  1.1
Stealth        | |  1.8

Action                   |  1- 3 |  4- 6 || total
-------------------------+-------+-------++-------
Melee: Spear             |    27 |       ||    27
       Falchion          |     7 |    26 ||    33
       Dagger            |       |    32 ||    32
 Cast: Pain              |    75 |   130 ||   205
       Vampiric Draining |       |     9 ||     9
       Regeneration      |       |     5 ||     5
       Animate Dead      |       |     2 ||     2
  Use: Potion            |     2 |     4 ||     6
       Scroll            |       |    13 ||    13
 Stab: Sleeping          |     1 |     1 ||     2
  Eat: Chunk             |     4 |    18 ||    22
       Meat ration       |       |     1 ||     1
Armor: Robe              |    15 |    31 ||    46
Dodge: Dodged            |    37 |   116 ||   153
       Rpst.: Falchion   |       |    25 ||    25
